Map: Orbital Shipyard

Players

PaulAnka - Winner!

  • Race: Zerg Zerg

bugie

  • Race: Zerg Zerg

VOD

Have the link to the VOD?

Description

Time

  • Played on: Nov. 17, 2015, 8:06 a.m.
  • Length: 5:47
Show
View Real Time Build Order
Export as new Build Order

PaulAnka Zerg - Winner!

Build Orders: Hatch First 

Get SALT Encoding   

  12  0:01  Drone  
  13  0:15  Overlord  
  13  0:17  Drone  
  14  0:33  Drone x2  
  16  0:40  Drone  
  17  0:54  Hatchery  
  16  1:03  Drone  
  17  1:12  Extractor  
  17  1:14  Spawning Pool  
  17  1:17  Drone  
  16  1:18  Drone  
  16  1:25  Drone  
  18  1:30  Drone  
  19  1:44  Drone  
  20  1:52  Overlord  
  19  2:02  Queen  
  19  2:06  Zergling x2  
  22  2:09  Queen  
  22  2:11  Overlord  
  24  2:21  Metabolic Boost  
  24  2:23  Zergling x4  
  26  2:31  Drone x2  
  28  2:51  Baneling Nest  
  28  2:54  Drone  
  28  2:55  Drone, Zergling x4  
  30  3:13  Spine Crawler  
  30  3:14  Zergling x2  
  30  3:15  Roach Warren, Zergling x4  
  30  3:17  Zergling x2  
  33  3:37  Lair  
  33  3:38  Extractor  
  32  3:48  Overlord  
  32  4:03  Roach x4  
  32  4:04  Roach x2  
  32  4:07  Overlord  
  43  4:18  Drone x3, Roach  
  48  4:27  Drone x2  
  50  4:43  Drone x5  
  55  4:54  Drone x2  
  55  5:12  Roach x2  
  55  5:13  Roach  
  58  5:16  Overlord  
  58  5:17  Overlord  
Show
View Real Time Build Order
Export as new Build Order

bugie Zerg 

Build Orders: Pool First 

Get SALT Encoding   

  12  0:02  Drone  
  13  0:10  Drone  
  14  0:27  Spawning Pool  
  13  0:34  Drone  
  13  0:35  Extractor  
  13  0:36  Drone  
  14  0:46  Overlord  
  14  1:16  Roach Warren, Queen  
  14  1:18  Drone  
  16  1:19  Drone  
  16  1:24  Drone  
  18  1:39  Spine Crawler  
  17  1:40  Drone  
  17  1:45  Drone  
  19  2:02  Roach  
  19  2:04  Overlord  
  21  2:19  Overlord  
  21  2:26  Roach x3  
  27  2:30  Roach  
  29  2:41  Drone  
  30  2:48  Drone  
  31  2:58  Drone  
  32  2:59  Roach x2  
  36  3:23  Lair  
  36  3:31  Drone x2  
  36  3:33  Hatchery  
  37  3:35  Overlord  
  37  3:50  Extractor  
  26  4:18  Drone x5  
  26  4:19  Drone  
  32  4:31  Hydralisk Den  
  31  4:41  Evolution Chamber  
  31  4:45  Queen  
  30  4:48  Drone  
  30  4:49  Drone x5  
  38  4:56  Overseer  
  38  5:00  Extractor  
  38  5:03  Extractor  
  32  5:07  Roach x3  
  35  5:26  Roach  
  35  5:27  Roach x2  
Tags
 
Add a new tag
Caveats
  • Supply blocks, unpowered buildings, or Contaminate may cause inaccurate times.
  • Supply counts are checked every 10 seconds.